General information
- name: BNet
- type: Ladder team game (AT/RT)
- host: Battle.net
- saver: w00tah.com
map: Cherryville
- players: 8
- length: 32:47
- speed: Fast
- version: 1.21 W3XP
- replay type: Public
» download(247 KB)
Players
team 1 (loser)
cHUckelz (
teal | 37 APM | 1208 actions | 32:46)
4 Death Knight
2 Unholy Aura
2 Death Coil
» actions
| Assign group hotkey | 3 | |
| Basic commands | 1 | |
| Build / train | 58 | |
| Enter build submenu | 14 | |
| Enter hero's abilities submenu | 5 | |
| Remove unit from queue | 1 | |
| Right click | 706 | |
| Select / deselect | 351 | |
| Select group hotkey | 15 | |
| Use ability | 54 | |
1208 total
» units
| Acolyte | 4 | |
| Ghoul | 10 | |
| Gargoyle | 25 | |
39 total
» upgrades
| Creature Carapace | 3 | |
| Creature Attack | 3 | |
| Stone Form | 1 | |
7 total
» buildings
| Altar of Darkness | 1 | |
| Ziggurat | 8 | |
| Crypt | 2 | |
| Nerubian Tower | 2 | |
| Halls of the Dead | 1 | |
| Graveyard | 2 | |
| Black Citadel | 1 | |
| Tomb of Relics | 1 | |
| Spirit Tower | 1 | |
19 total
» build order
00:08 Altar of Darkness
00:10 Ziggurat
00:36 Crypt
01:23 Nerubian Tower
01:26 Ziggurat
02:43 Ziggurat
04:01 Nerubian Tower
05:05 Halls of the Dead
05:11 Ziggurat
05:17 Graveyard
05:57 Graveyard
08:53 Crypt
11:12 Black Citadel
11:37 Ziggurat
11:42 Tomb of Relics
12:09 Ziggurat
15:31 Spirit Tower
15:33 Ziggurat
15:37 Ziggurat
» items
Copywrite84 (
green | 65 APM | 2100 actions | 32:21)
5 Archmage
3 Summon Water Elemental
2 Brilliance Aura
5 Mountain King
3 Storm Bolt
2 Bash
» actions
| Assign group hotkey | 26 | |
| Basic commands | 139 | |
| Build / train | 116 | |
| Enter build submenu | 28 | |
| Enter hero's abilities submenu | 9 | |
| Give item / drop item | 3 | |
| Remove unit from queue | 3 | |
| Right click | 624 | |
| Select / deselect | 728 | |
| Select group hotkey | 333 | |
| Use ability | 89 | |
2100 total
» units
| Peasant | 14 | |
| Rifleman | 9 | |
| Mortar Team | 4 | |
| Priest | 5 | |
| Flying Machine | 20 | |
| Dragonhawk Rider | 3 | |
| Gryphon Rider | 1 | |
| Siege Engine | 2 | |
58 total
» upgrades
| Gunpowder | 3 | |
| Armor | 2 | |
| Long Rifles | 2 | |
| Priest Training | 2 | |
| Fragmentation Shards | 1 | |
| Cloud | 1 | |
| Flak Cannons | 1 | |
| Flying Machine Bombs | 1 | |
| Plating | 3 | |
16 total
» buildings
| Altar of Kings | 1 | |
| Farm | 11 | |
| Blacksmith | 1 | |
| Barracks | 1 | |
| Scout Tower | 2 | |
| Lumber Mill | 1 | |
| Guard Tower | 3 | |
| Arcane Tower | 1 | |
| Keep | 1 | |
| Workshop | 2 | |
| Arcane Sanctum | 1 | |
| Gryphon Aviary | 1 | |
| Arcane Vault | 1 | |
| Castle | 1 | |
| Town Hall | 1 | |
29 total
» build order
00:07 Altar of Kings
00:10 Farm
00:36 Blacksmith
00:50 Farm
01:45 Barracks
01:53 Scout Tower
02:00 Lumber Mill
02:26 Scout Tower
02:32 Guard Tower
02:43 Arcane Tower
02:55 Guard Tower
03:14 Farm
05:01 Farm
05:36 Keep
06:20 Farm
06:48 Farm
07:57 Farm
08:10 Workshop
08:17 Arcane Sanctum
09:55 Gryphon Aviary
11:10 Farm
11:19 Arcane Vault
11:58 Castle
15:34 Farm
15:35 Farm
16:20 Town Hall
19:14 Workshop
19:51 Farm
» items
flya (
purple | 31 APM | 1003 actions | 32:24)
4 Naga Sea Witch
2 Forked Lightning
2 Frost Arrows
» actions
| Basic commands | 5 | |
| Build / train | 44 | |
| Enter build submenu | 14 | |
| Enter hero's abilities submenu | 5 | |
| Give item / drop item | 1 | |
| Right click | 716 | |
| Select / deselect | 196 | |
| Use ability | 22 | |
1003 total
» units
| Peon | 6 | |
| Grunt | 6 | |
| Tauren | 15 | |
| Troll Headhunter/Berserker | 5 | |
32 total
» upgrades
| Pulverize | 1 | |
| Melee Weapons | 1 | |
| Armor | 1 | |
| Berserker Upgrade | 1 | |
| Troll Regeneration | 1 | |
5 total
» buildings
| Altar of Storms | 1 | |
| Orc Burrow | 6 | |
| Barracks | 1 | |
| Stronghold | 1 | |
| War Mill | 1 | |
| Fortress | 1 | |
| Tauren Totem | 2 | |
| Great Hall | 1 | |
14 total
» build order
00:08 Altar of Storms
00:40 Orc Burrow
00:47 Barracks
02:13 Orc Burrow
03:29 Stronghold
04:32 War Mill
06:14 Fortress
07:25 Orc Burrow
08:54 Tauren Totem
09:13 Tauren Totem
10:33 Orc Burrow
10:39 Orc Burrow
16:37 Great Hall
17:33 Orc Burrow

»
SLiCKSiLK (
orange | 64 APM | 2078 actions | 32:39)
4 Archmage
2 Summon Water Elemental
2 Brilliance Aura
2 Paladin
1 Holy Light
1 Devotion Aura
» actions
| Assign group hotkey | 42 | |
| Basic commands | 168 | |
| Build / train | 83 | |
| Enter build submenu | 36 | |
| Enter hero's abilities submenu | 6 | |
| Give item / drop item | 2 | |
| Right click | 750 | |
| Select / deselect | 530 | |
| Select group hotkey | 397 | |
| Use ability | 64 | |
2078 total
» units
| Peasant | 23 | |
| Footman | 9 | |
| Priest | 5 | |
| Mortar Team | 9 | |
| Rifleman | 3 | |
| Siege Engine | 2 | |
| Flying Machine | 1 | |
52 total
» upgrades
| Lumber Harvesting | 2 | |
| Gunpowder | 3 | |
| Priest Training | 2 | |
| Barrage | 1 | |
| Armor | 3 | |
| Long Rifles | 1 | |
| Flare | 1 | |
| Swords | 2 | |
| Plating | 2 | |
| Fragmentation Shards | 1 | |
18 total
» buildings
| Altar of Kings | 1 | |
| Barracks | 1 | |
| Farm | 17 | |
| Scout Tower | 1 | |
| Arcane Tower | 1 | |
| Keep | 2 | |
| Town Hall | 2 | |
| Arcane Sanctum | 1 | |
| Lumber Mill | 1 | |
| Blacksmith | 2 | |
| Castle | 1 | |
| Workshop | 3 | |
| Arcane Vault | 1 | |
34 total
» build order
00:07 Altar of Kings
00:15 Barracks
00:36 Farm
00:44 Farm
01:38 Farm
02:44 Scout Tower
02:47 Farm
02:52 Farm
03:15 Arcane Tower
03:33 Keep
03:33 Keep
05:07 Farm
06:04 Town Hall
06:16 Arcane Sanctum
06:23 Lumber Mill
06:28 Blacksmith
08:54 Castle
09:00 Workshop
09:04 Workshop
11:42 Workshop
11:49 Blacksmith
11:52 Farm
11:55 Farm
13:40 Farm
13:44 Farm
13:47 Farm
14:02 Farm
14:04 Farm
19:36 Arcane Vault
25:05 Farm
25:07 Farm
25:09 Farm
25:11 Farm
27:07 Town Hall
team 2 (winner)

»
DirtMcGirt (
yellow | 77 APM | 2508 actions | 32:46)
5 Blood Mage
3 Flame Strike
2 Banish
5 Mountain King
3 Storm Bolt
2 Bash
4 Paladin
2 Holy Light
2 Divine Shield
» actions
| Assign group hotkey | 6 | |
| Build / train | 89 | |
| Enter build submenu | 30 | |
| Enter hero's abilities submenu | 14 | |
| Give item / drop item | 6 | |
| Right click | 811 | |
| Select / deselect | 1182 | |
| Select group hotkey | 199 | |
| Use ability | 171 | |
2508 total
» units
| Peasant | 9 | |
| Dragonhawk Rider | 15 | |
| Goblin Zeppelin | 1 | |
25 total
» upgrades
| Masonry | 3 | |
| Lumber Harvesting | 2 | |
| Armor | 3 | |
| Swords | 3 | |
| Animal War Training | 1 | |
| Cloud | 1 | |
13 total
» buildings
| Altar of Kings | 1 | |
| Lumber Mill | 1 | |
| Farm | 6 | |
| Scout Tower | 59 | |
| Guard Tower | 27 | |
| Arcane Vault | 2 | |
| Keep | 1 | |
| Blacksmith | 1 | |
| Barracks | 1 | |
| Castle | 1 | |
| Gryphon Aviary | 3 | |
| Town Hall | 2 | |
105 total
» build order
00:09 Altar of Kings
00:14 Lumber Mill
00:21 Farm
01:01 Farm
01:23 Scout Tower
01:57 Scout Tower
02:04 Scout Tower
02:06 Guard Tower
02:30 Guard Tower
02:33 Scout Tower
02:35 Guard Tower
02:38 Scout Tower
02:41 Scout Tower
02:45 Scout Tower
03:01 Arcane Vault
03:03 Guard Tower
03:28 Guard Tower
03:32 Scout Tower
03:48 Keep
04:15 Guard Tower
04:57 Scout Tower
04:58 Scout Tower
04:59 Scout Tower
05:00 Scout Tower
05:04 Scout Tower
05:05 Scout Tower
05:06 Scout Tower
05:06 Scout Tower
05:16 Scout Tower
05:17 Scout Tower
05:18 Scout Tower
05:19 Scout Tower
05:57 Guard Tower
05:57 Guard Tower
06:11 Guard Tower
06:11 Guard Tower
06:20 Guard Tower
06:21 Guard Tower
06:22 Guard Tower
06:39 Guard Tower
06:42 Guard Tower
06:47 Guard Tower
07:00 Blacksmith
07:01 Guard Tower
07:02 Guard Tower
07:06 Arcane Vault
07:08 Guard Tower
07:12 Barracks
08:31 Castle
08:38 Gryphon Aviary
08:39 Gryphon Aviary
09:02 Gryphon Aviary
09:15 Farm
09:15 Farm
09:17 Farm
09:18 Farm
15:34 Town Hall
15:56 Scout Tower
15:57 Scout Tower
15:59 Scout Tower
16:00 Scout Tower
16:01 Scout Tower
16:03 Scout Tower
16:04 Scout Tower
17:03 Guard Tower
17:09 Scout Tower
17:10 Scout Tower
17:11 Scout Tower
17:12 Scout Tower
17:14 Scout Tower
17:15 Scout Tower
17:16 Scout Tower
17:17 Scout Tower
17:18 Scout Tower
17:20 Scout Tower
17:22 Scout Tower
18:11 Guard Tower
18:11 Guard Tower
19:45 Guard Tower
23:45 Town Hall
25:36 Scout Tower
25:37 Scout Tower
25:38 Scout Tower
25:39 Scout Tower
25:40 Scout Tower
25:41 Scout Tower
25:42 Scout Tower
25:43 Scout Tower
25:44 Scout Tower
25:46 Scout Tower
25:47 Scout Tower
25:48 Scout Tower
25:49 Scout Tower
26:17 Guard Tower
27:00 Guard Tower
28:24 Guard Tower
30:42 Scout Tower
30:42 Scout Tower
30:43 Scout Tower
30:45 Scout Tower
30:45 Scout Tower
30:46 Scout Tower
30:47 Scout Tower
30:48 Scout Tower
» items
| Lesser Clarity Potion | 2 | |
| Scroll of Regeneration | 2 | |
| Staff of Sanctuary | 1 | |
5 total
GOKUMaN69 (
pink | 54 APM | 1760 actions | 32:46)
5 Warden
2 Shadow Strike
3 Blink
» actions
| Assign group hotkey | 2 | |
| Basic commands | 3 | |
| Build / train | 65 | |
| Enter build submenu | 22 | |
| Enter hero's abilities submenu | 5 | |
| Remove unit from queue | 2 | |
| Right click | 1069 | |
| Select / deselect | 408 | |
| Use ability | 184 | |
1760 total
» units
» upgrades
| Strength of the Wild | 3 | |
| Reinforced Hides | 2 | |
| Ultravision | 1 | |
| Well Spring | 1 | |
| Corrosive Breath | 1 | |
8 total
» buildings
| Altar of Elders | 2 | |
| Moon Well | 9 | |
| Tree of Ages | 4 | |
| Hunter's Hall | 1 | |
| Tree of Eternity | 2 | |
| Ancient of Wind | 1 | |
| Chimaera Roost | 2 | |
| Ancient of Wonders | 1 | |
| Tree of Life | 3 | |
25 total
» build order
00:08 Altar of Elders
00:26 Moon Well
01:48 Moon Well
04:51 Moon Well
05:24 Tree of Ages
05:24 Tree of Ages
05:24 Tree of Ages
05:30 Hunter's Hall
07:19 Moon Well
08:21 Tree of Eternity
08:21 Tree of Eternity
09:24 Ancient of Wind
10:38 Moon Well
10:45 Chimaera Roost
10:48 Chimaera Roost
11:59 Ancient of Wonders
12:21 Moon Well
12:23 Moon Well
12:37 Moon Well
12:39 Moon Well
14:03 Tree of Life
25:24 Altar of Elders
25:29 Tree of Ages
28:34 Tree of Life
29:55 Tree of Life
» items
| Healing Salve | 1 | |
| Boots of Speed | 1 | |
| Staff of Teleportation | 1 | |
| Scroll of Town Portal | 2 | |
| Potion of Healing | 1 | |
| Orb of Lightning | 1 | |
7 total
gwbushin2008 (
blue | 78 APM | 2549 actions | 32:46)
5 Blademaster
3 Wind Walk
2 Critical Strike
» actions
| Assign group hotkey | 232 | |
| Basic commands | 90 | |
| Build / train | 69 | |
| ESC pressed | 5 | |
| Enter build submenu | 53 | |
| Enter hero's abilities submenu | 5 | |
| Right click | 1410 | |
| Select / deselect | 388 | |
| Select group hotkey | 146 | |
| Use ability | 148 | |
2549 total
» units
» upgrades
| Spiked Barricades | 1 | |
| Reinforced Defenses | 1 | |
| Liquid Fire | 1 | |
3 total
» buildings
| Altar of Storms | 1 | |
| Orc Burrow | 5 | |
| War Mill | 1 | |
| Voodoo Lounge | 4 | |
| Watch Tower | 30 | |
| Stronghold | 2 | |
| Beastiary | 2 | |
| Fortress | 1 | |
| Great Hall | 1 | |
47 total
» build order
00:06 Altar of Storms
00:19 Orc Burrow
00:40 War Mill
01:11 Voodoo Lounge
01:57 Watch Tower
02:13 Orc Burrow
02:38 Watch Tower
02:52 Watch Tower
03:11 Watch Tower
03:42 Watch Tower
04:02 Watch Tower
04:50 Watch Tower
04:50 Watch Tower
04:54 Watch Tower
05:06 Stronghold
05:07 Stronghold
05:28 Watch Tower
06:07 Watch Tower
06:10 Watch Tower
06:13 Watch Tower
07:19 Watch Tower
07:20 Watch Tower
07:40 Beastiary
07:42 Beastiary
08:45 Watch Tower
08:47 Fortress
08:50 Orc Burrow
08:51 Orc Burrow
08:56 Watch Tower
09:19 Orc Burrow
10:19 Watch Tower
10:21 Watch Tower
10:43 Watch Tower
10:53 Watch Tower
11:13 Voodoo Lounge
12:11 Voodoo Lounge
12:16 Watch Tower
12:19 Watch Tower
15:09 Watch Tower
15:14 Watch Tower
15:16 Watch Tower
15:22 Watch Tower
17:35 Watch Tower
17:45 Watch Tower
17:46 Watch Tower
20:00 Great Hall
27:22 Voodoo Lounge
» items
| Healing Salve | 3 | |
| Lesser Clarity Potion | 2 | |
| Boots of Speed | 1 | |
| Staff of Teleportation | 1 | |
| Orb of Lightning | 1 | |
8 total
w00tah.com (
red | 33 APM | 1083 actions | 32:47)
4 Archmage
2 Blizzard
2 Brilliance Aura
» actions
| Assign group hotkey | 2 | |
| Basic commands | 5 | |
| Build / train | 84 | |
| ESC pressed | 5 | |
| Enter build submenu | 45 | |
| Enter hero's abilities submenu | 4 | |
| Right click | 432 | |
| Select / deselect | 312 | |
| Select group hotkey | 1 | |
| Use ability | 193 | |
1083 total
» units
| Peasant | 14 | |
| Sorceress | 2 | |
| Mortar Team | 8 | |
| Priest | 2 | |
26 total
» upgrades
| Masonry | 3 | |
| Magic Sentry | 1 | |
| Sorceress Training | 2 | |
| Gunpowder | 3 | |
| Armor | 3 | |
| Fragmentation Shards | 1 | |
| Flare | 1 | |
| Lumber Harvesting | 2 | |
| Priest Training | 1 | |
17 total
» buildings
| Altar of Kings | 1 | |
| Farm | 9 | |
| Lumber Mill | 1 | |
| Scout Tower | 96 | |
| Guard Tower | 24 | |
| Arcane Vault | 1 | |
| Keep | 1 | |
| Castle | 1 | |
| Gryphon Aviary | 1 | |
| Blacksmith | 2 | |
| Arcane Sanctum | 1 | |
| Workshop | 4 | |
| Town Hall | 1 | |
| Arcane Tower | 2 | |
145 total
» build order
00:19 Altar of Kings
00:33 Farm
00:49 Lumber Mill
01:03 Farm
01:52 Scout Tower
01:57 Scout Tower
02:16 Scout Tower
02:18 Scout Tower
02:26 Scout Tower
02:28 Scout Tower
02:29 Scout Tower
02:32 Guard Tower
02:46 Scout Tower
02:49 Scout Tower
02:56 Guard Tower
02:57 Guard Tower
03:43 Guard Tower
03:46 Scout Tower
03:48 Scout Tower
03:57 Guard Tower
04:25 Guard Tower
04:35 Arcane Vault
04:43 Scout Tower
04:43 Scout Tower
04:45 Scout Tower
04:45 Scout Tower
04:47 Scout Tower
04:47 Scout Tower
04:48 Scout Tower
05:04 Farm
05:06 Farm
05:08 Farm
05:09 Farm
05:11 Farm
05:12 Farm
05:15 Farm
05:45 Keep
06:46 Scout Tower
06:47 Scout Tower
06:48 Scout Tower
06:49 Scout Tower
06:50 Scout Tower
06:51 Scout Tower
06:53 Scout Tower
06:53 Scout Tower
06:54 Scout Tower
07:02 Scout Tower
07:03 Scout Tower
07:04 Scout Tower
07:11 Guard Tower
07:18 Guard Tower
08:14 Guard Tower
08:19 Guard Tower
08:22 Scout Tower
08:23 Scout Tower
08:25 Scout Tower
08:27 Scout Tower
08:32 Scout Tower
08:51 Guard Tower
08:56 Castle
09:00 Gryphon Aviary
09:13 Blacksmith
09:19 Arcane Sanctum
09:24 Guard Tower
09:28 Scout Tower
09:28 Scout Tower
09:31 Scout Tower
09:32 Scout Tower
09:34 Scout Tower
09:35 Scout Tower
09:35 Scout Tower
11:05 Guard Tower
11:23 Guard Tower
11:39 Workshop
11:45 Workshop
12:02 Guard Tower
12:11 Scout Tower
12:12 Scout Tower
12:13 Scout Tower
12:14 Scout Tower
12:54 Guard Tower
14:36 Scout Tower
14:37 Scout Tower
14:38 Scout Tower
14:39 Scout Tower
14:40 Scout Tower
14:41 Scout Tower
14:42 Scout Tower
14:43 Scout Tower
14:43 Scout Tower
14:44 Scout Tower
15:06 Guard Tower
16:00 Guard Tower
16:13 Town Hall
16:18 Scout Tower
16:19 Scout Tower
16:20 Scout Tower
16:21 Scout Tower
16:22 Scout Tower
16:25 Scout Tower
16:26 Scout Tower
16:28 Scout Tower
16:29 Scout Tower
16:31 Scout Tower
16:32 Scout Tower
16:33 Scout Tower
16:34 Scout Tower
16:36 Scout Tower
16:36 Scout Tower
16:38 Scout Tower
17:23 Guard Tower
17:24 Guard Tower
19:23 Guard Tower
19:32 Scout Tower
19:33 Scout Tower
19:35 Scout Tower
19:36 Scout Tower
19:37 Scout Tower
19:38 Scout Tower
19:39 Scout Tower
19:40 Scout Tower
19:41 Scout Tower
19:42 Scout Tower
20:14 Guard Tower
20:17 Scout Tower
20:18 Scout Tower
20:19 Scout Tower
20:19 Scout Tower
20:20 Scout Tower
20:21 Scout Tower
20:22 Scout Tower
20:23 Scout Tower
22:30 Guard Tower
22:48 Guard Tower
24:34 Scout Tower
24:35 Scout Tower
24:35 Scout Tower
24:36 Scout Tower
24:37 Scout Tower
24:39 Scout Tower
25:24 Arcane Tower
25:27 Arcane Tower
27:59 Blacksmith
29:42 Workshop
29:48 Workshop
» items
| Boots of Speed | 1 | |
| Staff of Teleportation | 1 | |
| Orb of Lightning | 1 | |
| Healing Salve | 1 | |
| Potion of Healing | 1 | |
| Scroll of Regeneration | 1 | |
| Staff of Sanctuary | 1 | |
| Scroll of Town Portal | 1 | |
8 total
Chat log
(01:29 / All) DirtMcGirt: gl hafe a great bttl
(01:36 / All) GOKUMaN69: <(^O^)> <(^O^)> <(^O^)> <(^O^)> <(^O^)> <(^O^)> <(^O^)> <(^O^)> <(^O^)> <(^O^)> <(^O^)> <(^O^)> <(^O^)> <(^O^)>
(06:23 / All) flya: LOL
(06:27 / All) w00tah.com: Denied
(07:35 / All) w00tah.com: get out faggots
(11:16 / All) GOKUMaN69: why naga?
(11:31 / All) flya: im cool like that
(11:43 / All) GOKUMaN69: u suck more like
(11:47 / All) flya: ok
(14:59 / All) flya: lolz
(15:02 / All) flya: noob
(15:06 / All) gwbushin2008: FUCK U BICH
(15:10 / All) cHUckelz: that shit dont go down like that here
(15:11 / All) flya: LOL
(15:20 / All) flya: u can fuck me later
(15:22 / All) flya: maybe
(15:24 / All) gwbushin2008: EWWGU
(15:25 / All) cHUckelz: u aint talking now are ya boii? are ya???
(15:48 / All) flya: blue i aint down with that shit
(16:27 / All) flya: yay me
(17:17 / All) flya: THE WORLD IS MINE
(18:00 / All) SLiCKSiLK: TEAL
(18:03 / All) SLiCKSiLK: brb
(18:04 / All) SLiCKSiLK: omfg
(18:33 / All) flya: nice mass air
(18:58 / All) cHUckelz: yur funny
(21:48 / All) flya: tower noobs rofl
(21:52 / All) gwbushin2008: stfu
(22:58 / Allies) DirtMcGirt: takin dis
(24:36 / All) flya: gg noobired
(24:44 / All) DirtMcGirt: gg
(27:03 / All) flya: red ur biggest noob on the whole team congrats
(27:15 / All) GOKUMaN69: why him?
(27:27 / All) flya: mass towers every where maybe?
(29:26 / All) SLiCKSiLK: hackers
(29:30 / All) gwbushin2008: |HACKERS
(29:40 / All) GOKUMaN69: gg guys
(29:59 / All) SLiCKSiLK: wow
(30:01 / All) SLiCKSiLK: hack more plz
(30:05 / All) gwbushin2008: hack??
(30:07 / All) DirtMcGirt: Cry more pls
(30:11 / All) GOKUMaN69: QQ
(30:12 / All) gwbushin2008: stop being such a noob
(30:23 / All) SLiCKSiLK: thats easy stop hacking
(30:24 / All) w00tah.com: what did we hack ?
(31:06 / All) DirtMcGirt: anyways gg noob
(31:14 / All) gwbushin2008: losing to tower noobs rofl
(31:24 / All) gwbushin2008: LOSING
(31:25 / All) w00tah.com: blacksmiths dont make units you realize
(31:26 / All) gwbushin2008: TO DEFENSIVE BUILDINGS
(31:33 / All) SLiCKSiLK: u guys are fucking hacking
(31:38 / All) gwbushin2008: hahahha
(31:40 / All) SLiCKSiLK: thats the funny part
(31:46 / All) gwbushin2008: what kind of hacks are we using here
(32:07 / All) GOKUMaN69: Gg quit
(32:09 / All) GOKUMaN69: ALT QQ
(32:11 / All) GOKUMaN69: u suck
(32:17 / All) SLiCKSiLK: eat a dick faggot
(32:21 / All) gwbushin2008: HAHAHA
(32:24 / All) gwbushin2008: noobs
(32:24 / All) gwbushin2008: noobs
(32:25 / All) gwbushin2008: noobs
(32:26 / All) gwbushin2008: nobos
(32:27 / All) SLiCKSiLK: i see your solo and rt rec
(32:31 / All) gwbushin2008: qq
(32:32 / All) gwbushin2008: qq
(32:32 / All) SLiCKSiLK: come see me bitch
(32:35 / All) SLiCKSiLK: ill be here all day
(32:36 / All) gwbushin2008: qq
(32:44 / All) DirtMcGirt: Lol i still beat u